 Dungeon Crawl Stone Soup version 0.23.0 (webtiles) character file.

Game seed: 3390119589986129267

333264 Murks the Bludgeoner (level 20, -1/162 HPs)
             Began as a Demonspawn Berserker on Feb 15, 2019.
             Was a High Priest of Trog.
             Killed by the air
             ... invoked by a spriggan air mage
             ... led by a spriggan defender
              (17 damage)
             ... on level 3 of the Depths on Feb 16, 2019.
             The game lasted 05:21:46 (50691 turns).

Murks the Bludgeoner (Demonspawn Berserker)        Turns: 50691, Time: 05:21:47

Health: -1/162     AC: 31    Str: 30    XL:     20   Next: 91%
Magic:  0/37       EV: 17    Int:  9    God:    Trog [*****.]
Gold:   2169       SH: 15    Dex: 18    Spells: 22/22 levels left

rFire    + + +     SeeInvis +   J - +8 demon whip (freeze)
rCold    + + .     Gourm    .   M - +0 shield
rNeg     + . .     Faith    .   Y - +3 gold dragon scales
rPois    +         Spirit   +   y - +1 helmet {SInv}
rElec    +         Reflect  .   g - +0 cloak {MR+}
rCorr    +         Harm     .   K - +2 pair of gloves
MR       ++++.                  (boots unavailable)
Stlth    +.........             s - amulet of guardian spirit
HPRegen  1.37/turn              S - ring of Parub {rN+ EV+4}
MPRegen  0.25/turn              O - ring of magical power

@: mighty, resistant, berserk cooldown, regenerating, slowed, lightly drained,
very slow
A: talons 3, thin skeletal structure 2, fire resistance 1, nightstalker 3,
powered by death 3
}: 2/15 runes: barnacled, gossamer
a: Berserk, Trog's Hand, Brothers in Arms, Renounce Religion


You were on level 3 of the Depths.
You worshipped Trog.
Trog was extremely pleased with you.
You were very hungry.

You visited 8 branches of the dungeon, and saw 39 of its levels.
You also visited: Trove, Ossuary, Ice Cave, Volcano and Desolation.

You collected 3752 gold pieces.
You spent 1583 gold pieces at shops.

Inventory:

Hand Weapons
 b - the +4 fustibalus of Gallantry {velocity, -Tele rPois rF+ rN++}
   (You found it on level 8 of the Dungeon)

   Any stone fired from it inflicts extra damage.
   It protects you from fire.
   It protects you from poison.
   It greatly protects you from negative energy.
   It prevents most forms of teleportation.
 x - a +4 eveningstar of venom
 J - a +8 demon whip of freezing (weapon)
 W - the +7 mace "Ysiumpac" {freeze, *Slow +Fly rN+++ SInv}
   (You found it on level 14 of the Dungeon)

   It has been specially enchanted to freeze those struck by it, causing extra
   injury to most foes and up to half again as much damage against particularly
   susceptible opponents.
   It can also slow down cold-blooded creatures.
   It renders you almost immune to negative energy.
   It lets you see invisible.
   It lets you fly.
   It may slow you when you take damage.
Missiles
 m - 933 stones
 F - 14 throwing nets (quivered)
Armour
 d - a +1 cloak of cold resistance
 g - a +0 cloak of magic resistance (worn)
 y - a +1 helmet of see invisible (worn)
 K - a +2 pair of gloves (worn)
 M - a +0 shield (worn)
 X - a +2 large shield of reflection
 Y - +3 gold dragon scales (worn)
Jewellery
 n - a +1 ring of protection
 q - an uncursed ring of resist corrosion
 s - an amulet of guardian spirit (around neck)
 O - a ring of magical power (right hand)
 S - the ring of Parub (left hand) {rN+ EV+4}
   (You found it in a treasure trove)

   [ring of evasion]

   It affects your evasion (+4).
   It protects you from negative energy.
Wands
 r - a wand of disintegration (23)
 v - a wand of polymorph (22)
 z - a wand of paralysis (21)
 C - a wand of clouds (10)
 D - a wand of scattershot (9)
 I - a wand of iceblast (47)
 L - a wand of digging (13)
 V - a wand of acid (25)
Scrolls
 e - a scroll of identify
 f - 16 scrolls of remove curse
 l - 5 scrolls of blinking
 o - 6 scrolls of magic mapping
 u - 13 scrolls of teleportation
 E - a scroll of fear
 G - 2 scrolls of immolation
 H - 5 scrolls of fog
 N - 4 scrolls of enchant weapon
Potions
 h - 7 potions of brilliance
 i - 5 potions of berserk rage
 j - 5 potions of invisibility
 k - 2 potions of heal wounds
 p - 4 potions of mutation
 t - 2 potions of cancellation
 w - 10 potions of curing
 A - 5 potions of might
 B - 3 potions of flight
 Q - 3 potions of magic
 R - 4 potions of agility
 U - 5 potions of resistance
 Z - 7 potions of haste
Miscellaneous
 P - a lamp of fire (inert)
 T - 2 phantom mirrors
Comestibles
 a - 10 chunks of flesh
 c - 42 rations


   Skills:
 - Level 15.0(14.6) Fighting
 - Level 17.0(16.6) Maces & Flails
 + Level 16.4(16.0) Armour
 - Level 12.0(11.6) Dodging
 - Level 8.1(7.8) Stealth
 - Level 15.0(14.5) Shields
 - Level 1.8(1.5) Spellcasting
 - Level 10.8(10.4) Evocations


You had 22 spell levels left.
You didn't know any spells.
Your spell library was empty.

Dungeon Overview and Level Annotations

Branches:
Dungeon (15/15)            Temple (0/1) D:4            Lair (6/6) D:10
 Shoals (4/4) Lair:4       Spider (4/4) Lair:3        Slime (0/5) Lair:5
    Orc (2/2) D:10            Elf (1/3) Orc:2        Vaults (4/5) D:14
  Crypt (0/3) Vaults:3     Depths (3/5) D:15

Altars:
Ashenzari
Dithmenos
Elyvilon
Fedhas
Gozag
Kikubaaqudgha
Makhleb
Nemelex Xobeh
Trog
Uskayaw
Vehumet
Wu Jian
Xom
Yredelemnul
Zin
The Shining One
Jiyva

Shops:
D:10 [*:=   D:11 (   D:12 !   D:15 *:   Orc:2 (}   Depths:1 *

Portals:
Hell: Depths:1
Abyss: Depths:1
Pandemonium: Orc:2

Annotations:
D:11 1 runed translucent door, Laan's ghost, journeyman GrSu
Lair:3 exclusions: 2 oklob plants and orange crystal statue
Lair:5 1 runed translucent door


Innate Abilities, Weirdness & Mutations

You have claws for feet.
You have a moderately thin skeletal structure. (Dex +4, Stealth+)
Your flesh is heat resistant. (rF+)
You are completely attuned to the shadows.
You regenerate a lot of health from kills.


Message History

The spriggan defender hits you with a +2 flail of crushing!
* * * LOW HITPOINT WARNING * * *
x2 The iron dragon bites you but does no damage.
The iron dragon claws you but does no damage.
The iron dragon tramples you but does no damage.
As you read the scroll of fear, it crumbles to dust.
You assume a fearsome visage.
The spriggan air mage resists with almost no effort.
The fire giant looks frightened!
The shadow dragon looks frightened!
The iron dragon resists with almost no effort.
The fire giant resists with some effort.
The spriggan berserker resists with almost no effort.
The spriggan defender resists with almost no effort.
The spriggan defender hits you with a +2 flail of crushing.
* * * LOW HITPOINT WARNING * * *
x2 The fire giant hits you with a +2 great sword of flaming!
* * * LOW HITPOINT WARNING * * *
The spriggan air mage waves its arms in wide circles.
The air twists around and strikes you!
You die...

#..##...#..#
#.#####..#...##.
#.#.#....#.....
#...#.#.#.....#
#..#....#...##.
#.....##..##.
#.##.#........ #
##..Di....
.....C@i...
.....iC....
########D.. ...
..


You could see a shadow dragon (fleeing), an iron dragon, 2 fire giants, a
spriggan defender, a spriggan berserker and a spriggan air mage.

Vanquished Creatures
  Rupert (Lair:3)
  Polyphemus (Shoals:4)
  2 sphinxes (Vaults:4)
  3 frost giants
  2 fire giants
  4 vault wardens
  2 ghost moths (Spider:4)
  6 emperor scorpions
  2 imperial myrmidons (Desolation)
  A juggernaut zombie (Depths:3)
  6 ironheart preservers
  4 stone giants
  An entropy weaver (Spider:3)
  13 very ugly things
  A spriggan defender (Depths:2)
  A red draconian (Volcano)
  2 halazid warlocks (Desolation)
  7 merfolk javelineers (Shoals:4)
  The ghost of Zaque the Carver, a journeyman DsGl of Qazlal (Lair:2)
  3 crystal guardians
  4 fire dragons
  Josephine (Shoals:1)
  11 merfolk impalers
  An ettin (Vaults:4)
  3 ragged hierophants (Desolation)
  8 yaktaur captains
  5 servants of whispers
  2 rakshasas
  3 great orbs of eyes
  4 vault guards
  4 peacekeepers (Desolation)
  4 ice dragons
  10 hydras
  3 merfolk avatars
  11 centaur warriors
  A spriggan air mage (Depths:3)
  A hell beast (Depths:1)
  7 merfolk aquamancers
  An alligator snapping turtle (Shoals:1)
  6 death knights
  35 two-headed ogres
  2 death yaks (Shoals:4)
  7 deep troll earth magi
  3 deep troll shamans
  2 tengu warriors (D:13)
  12 ogre magi
  3 catoblepae
  A satyr (Shoals:4)
  A spriggan berserker (Depths:2)
  6 orc high priests
  A dancing weapon (Lair:2)
  A deep elf knight (Vaults:4)
  2 soul eaters
  A titan skeleton (Depths:3)
  A skeletal warrior (Vaults:1)
  A death drake (shapeshifter) (Depths:1)
  6 unseen horrors
  8 sea snakes
  A gelid demonspawn (Orc:2)
  17 deep trolls
  3 wizards (Depths:1)
  A lindwurm (Lair:6)
  9 ironbrand convokers
  3 necromancers
  13 orb spiders
  A deep elf archer (Vaults:4)
  37 harpies
  11 orc knights
  40 ugly things
  7 orc sorcerers
  9 manticores
  An orb spider (shapeshifter) (Depths:1)
  10 deep elf magi
  4 cyclopes
  28 wolf spiders
  2 iron dragon skeletons (Depths:3)
  A mana viper (shapeshifter) (D:13)
  6 fauns
  3 moths of wrath
  10 elephants (Lair:6)
  6 water nymphs
  7 merfolk sirens
  2 rust devils
  Maurice (Orc:2)
  3 torpor snails (Spider:3)
  9 vault sentinels
  2 guardian serpents (Desolation)
  5 molten gargoyles (Lair:6)
  6 black mambas
  An ice statue (IceCv)
  8 spiny frogs
  3 gargoyles
  A spiny frog (shapeshifter) (Vaults:1)
  A rime drake (Lair:5)
  A yaktaur (shapeshifter) (Vaults:4)
  16 komodo dragons
  An efreet (D:15)
  22 yaktaurs
  16 freezing wraiths
  14 demonic crawlers
  7 trolls
  A meliai (shapeshifter) (Depths:1)
  A polar bear (Lair:4)
  13 hornets
  A hornet (shapeshifter) (Vaults:1)
  31 merfolk
  34 saltlings
  Grinder (D:5)
  3 wind drakes (Shoals:4)
  A harpy skeleton (D:15)
  A merfolk (shapeshifter) (Vaults:3)
  26 jumping spiders
  13 slime creatures
  A dream sheep (shapeshifter) (Vaults:1)
  12 hippogriffs
  A human simulacrum (Vaults:1)
  2 dream sheep (D:8)
  9 blink frogs
  A fire giant simulacrum (Depths:3)
  11 snapping turtles
  30 redbacks
  18 tarantellas
  3 shadows
  8 fire bats (Volcano)
  2 vampires
  26 water elementals
  Grum (D:8)
  10 wraiths
  87 yaks
  7 basilisks
  A chaos spawn (Orc:2)
  10 wyverns
  A golden eye (shapeshifter) (Vaults:3)
  3 steam dragons (Lair:6)
  2 death yak simulacra (IceCv)
  4 hungry ghosts
  14 water moccasins
  4 wargs
  2 acid dragons
  20 porcupines
  Duvessa (D:7)
  5 hell hounds
  28 orc warriors
  A black bear (Lair:4)
  An alligator simulacrum (IceCv)
  4 sky beasts
  A deep troll simulacrum (Depths:1)
  An ice beast (shapeshifter) (Vaults:3)
  7 ice beasts
  26 ogres
  21 boggarts
  An eye of draining (D:11)
  4 phantoms
  19 wolves
  20 centaurs
  12 crocodiles
  4 big kobolds
  22 bullfrogs
  An earth elemental (Elf:1)
  Dowan (D:7)
  3 wyvern skeletons
  8 scorpions
  19 killer bees
  3 jellies
  7 wights
  5 howler monkeys
  4 electric eels
  8 crimson imps
  13 lava snakes
  3 centaur zombies
  7 draconian simulacra (IceCv)
  A bullfrog zombie (D:13)
  A quasit (D:11)
  32 orc priests
  A yaktaur simulacrum (Vaults:1)
  5 hounds
  8 centaur skeletons
  A human zombie (Ossuary)
  5 bullfrog skeletons
  25 orc wizards
  Crazy Yiuf (D:2)
  3 iguanas
  8 worker ants
  A polar bear simulacrum (IceCv)
  A spriggan simulacrum (IceCv)
  3 troll simulacra (IceCv)
  5 centaur simulacra (IceCv)
  A hound zombie (D:7)
  3 mummies (Ossuary)
  2 worker ant zombies
  A howler monkey zombie (D:7)
  12 gnolls
  19 adders
  2 naga simulacra (IceCv)
  An ogre simulacrum (IceCv)
  4 shadow imps
  12 white imps (IceCv)
  2 adder zombies
  An adder skeleton (D:2)
  A worm (D:2)
  3 dart slugs
  7 leopard geckos
  85 orcs
  3 ball pythons
  7 giant cockroaches
  12 goblins
  2 hobgoblins (D:1)
  6 jackals
  5 quokkas
  7 bats
  3 frilled lizards
  A goblin zombie (Ossuary)
  3 hobgoblin zombies (Ossuary)
  A jackal skeleton (D:6)
  12 kobolds
  5 kobold zombies (Ossuary)
  5 quokka zombies (Ossuary)
  25 rats
  3 rat zombies (Ossuary)
  A bush (Lair:4)
  3 fungi
  11 plants
  A withered plant (Shoals:3)
1644 creatures vanquished.

Vanquished Creatures (collateral kills)
  The ghost of Kipt the Spry, an adept SpFE of Dithmenos (Vaults:1)
  The ghost of Infinimo the Fencer, an adept DsBe of Trog (Shoals:3)
  A fire dragon (Lair:6)
  A smoke demon (Orc:2)
  A hellwing (Orc:2)
  A blink frog (Lair:6)
  4 orc warriors (Orc:2)
  An orc priest (Orc:2)
  4 orcs (Orc:2)
15 creatures vanquished.

Vanquished Creatures (others)
  A shadow wraith (Vaults:4)
  An unseen horror (shapeshifter) (Vaults:3)
  2 saltlings (Desolation)
  A boggart (D:15)
  2 ogres
  A centaur (Volcano)
  An orc (Orc:2)
  68 fungi
  26 plants
103 creatures vanquished.

Grand Total: 1762 creatures vanquished

Notes
Turn   | Place    | Note
-------+----------+-------------------------------------------
     0 | D:1      | Murks the Demonspawn Berserker began the quest for the Orb.
     0 | D:1      | Reached XP level 1. HP: 18/18 MP: 1/1
     6 | D:1      | Noticed a rime drake
     6 | D:1      | Noticed an anaconda
     6 | D:1      | Noticed a wolf
     6 | D:1      | Noticed a redback
    32 | D:1      | Reached skill level 3 in Maces & Flails
   366 | D:1      | Gained mutation: You have sharp toenails. [demonic
                  | ancestry]
   366 | D:1      | Reached XP level 2. HP: 13/24 MP: 2/2
   886 | D:1      | Gained mutation: You are slightly more attuned to the
                  | shadows. [demonic ancestry]
   886 | D:1      | Reached XP level 3. HP: 28/29 MP: 3/3
  1035 | D:2      | Reached ** piety under Trog
  1051 | D:2      | Reached skill level 4 in Maces & Flails
  1455 | D:2      | Found a white marble altar of Elyvilon.
  1751 | D:2      | Gained mutation: You have razor-sharp toenails. [demonic
                  | ancestry]
  1751 | D:2      | Reached XP level 4. HP: 35/35 MP: 4/4
  1927 | D:2      | Found a runed translucent door.
  1928 | D:2      | Noticed Crazy Yiuf
  1936 | D:2      | Killed Crazy Yiuf
  1936 | D:2      | Reached skill level 5 in Maces & Flails
  2167 | D:3      | Gained mutation: You are significantly more attuned to the
                  | shadows. [demonic ancestry]
  2167 | D:3      | Reached XP level 5. HP: 18/41 MP: 5/5
  3265 | D:3      | Reached *** piety under Trog
  3268 | D:3      | Reached skill level 6 in Maces & Flails
  3465 | D:3      | Gained mutation: You have a somewhat thin skeletal
                  | structure. (Dex +2, Stealth) [demonic ancestry]
  3465 | D:3      | Reached XP level 6. HP: 40/47 MP: 6/6
  3697 | D:4      | Reached skill level 1 in Stealth
  3961 | D:4      | Found a staircase to the Ecumenical Temple.
  4324 | D:4      | Reached skill level 7 in Maces & Flails
  4324 | D:4      | Gained mutation: You have claws for feet. [demonic
                  | ancestry]
  4324 | D:4      | Reached XP level 7. HP: 52/52 MP: 7/7
  4856 | D:5      | Entered Level 5 of the Dungeon
  5525 | D:5      | Found an opulent altar of Gozag.
  5525 | D:5      | Found a sparkling altar of Nemelex Xobeh.
  5596 | D:5      | Reached skill level 8 in Maces & Flails
  5604 | D:5      | Found a glowing silver altar of Zin.
  5648 | D:5      | Found a transporter.
  5667 | D:5      | Found a transporter.
  5739 | D:5      | Noticed Grinder
  5758 | D:5      | Killed Grinder
  5758 | D:5      | Gained mutation: You regenerate a little health from kills.
                  | [demonic ancestry]
  5758 | D:5      | Reached XP level 8. HP: 60/60 MP: 8/8
  6296 | D:6      | Reached skill level 5 in Stealth
  6341 | D:6      | Reached skill level 5 in Fighting
  6411 | D:6      | Found a radiant altar of Vehumet.
  6417 | D:6      | Found a shadowy altar of Dithmenos.
  6420 | D:6      | Found a basalt altar of Yredelemnul.
  6420 | D:6      | Found an ornate altar of the Wu Jian Council.
  6422 | D:6      | Found a burning altar of Makhleb.
  6617 | D:6      | Found a sand-covered staircase.
  6665 | Ossuary  | Entered an ossuary
  6707 | Ossuary  | Reached **** piety under Trog
  7254 | D:7      | Noticed a hippogriff
  7289 | D:7      | Killed a hippogriff
  7289 | D:7      | Reached skill level 1 in Shields
  7289 | D:7      | Gained mutation: You are completely attuned to the shadows.
                  | [demonic ancestry]
  7289 | D:7      | Reached XP level 9. HP: 65/72 MP: 9/9
  7370 | D:7      | Noticed Dowan
  7371 | D:7      | Noticed Duvessa
  7381 | D:7      | Killed Duvessa
  7382 | D:7      | Killed Dowan
  8445 | D:8      | Noticed a two-headed ogre
  8472 | D:8      | Killed a two-headed ogre
  8608 | D:8      | Reached XP level 10. HP: 79/79 MP: 10/10
  8613 | D:8      | Reached skill level 5 in Armour
  8613 | D:8      | Reached skill level 5 in Dodging
  8684 | D:8      | Noticed a two-headed hydra
  8695 | D:8      | Killed a two-headed hydra
  8981 | D:8      | Found a bloodstained altar of Trog.
  9079 | D:8      | Noticed Grum
  9089 | D:8      | Killed Grum
  9412 | D:8      | Got a smoking fustibalus
  9413 | D:8      | Identified the +4 fustibalus of Gallantry {velocity, -Tele
                  | rPois rF+ rN++} (You found it on level 8 of the Dungeon)
 10114 | D:9      | Found a glowing golden altar of the Shining One.
 10115 | D:9      | Found a hide-covered altar of Uskayaw.
 10225 | D:9      | Reached ***** piety under Trog
 10229 | D:9      | Noticed a two-headed ogre
 10235 | D:9      | Killed a two-headed ogre
 10235 | D:9      | Gained mutation: Your flesh is heat resistant. (rF+)
                  | [demonic ancestry]
 10235 | D:9      | Reached XP level 11. HP: 84/84 MP: 11/11
 10677 | D:10     | Entered Level 10 of the Dungeon
 10846 | D:10     | Noticed a two-headed ogre
 10856 | D:10     | Killed a two-headed ogre
 10994 | D:10     | Killed an unseen horror
 11256 | D:10     | Found Sucij's Book Shop.
 11266 | D:10     | Found Laniesi's Assorted Antiques.
 11334 | D:10     | Noticed an eight-headed hydra
 11365 | D:10     | Killed an eight-headed hydra
 11437 | D:10     | Found Maol's Jewellery Shoppe.
 11509 | D:10     | Found Owkeuhorod's Armour Boutique.
 11512 | D:10     | Bought a +1 plate armour of cold resistance for 350 gold
                  | pieces
 11526 | D:10     | Found a staircase to the Orcish Mines.
 11565 | D:10     | Found a staircase to the Lair.
 11612 | D:10     | Reached skill level 9 in Maces & Flails
 11741 | D:11     | Noticed a cyan ugly thing
 11745 | D:11     | Found Zudita's Weapon Shop.
 11870 | D:11     | Noticed a red ugly thing
 11892 | D:11     | Killed a red ugly thing
 12403 | D:11     | Found a runed translucent door.
 12404 | D:11     | Found a shimmering altar of Xom.
 12404 | D:11     | Noticed Laan's ghost (journeyman GrSu)
 12405 | D:11     | Noticed a +2 war axe of chaos
 12560 | D:11     | Killed a cyan ugly thing
 12560 | D:11     | Reached skill level 10 in Maces & Flails
 12818 | D:12     | Reached XP level 12. HP: 77/91 MP: 12/12
 13030 | D:12     | Reached skill level 11 in Maces & Flails
 13201 | D:12     | Found Mievyink's Distillery.
 13207 | D:12     | Bought a potion of heal wounds for 55 gold pieces
 13207 | D:12     | Bought a potion of curing for 33 gold pieces
 13207 | D:12     | Bought a potion of curing for 33 gold pieces
 13223 | D:12     | Noticed a two-headed ogre
 13238 | D:12     | Killed a two-headed ogre
 13540 | D:12     | Reached skill level 12 in Maces & Flails
 13577 | D:12     | Noticed an eight-headed hydra
 13612 | D:12     | Killed a nine-headed hydra
 13921 | D:12     | Noticed a death knight
 13940 | D:12     | Killed a death knight
 14652 | D:13     | Reached skill level 13 in Maces & Flails
 14657 | D:13     | Received a gift from Trog
 14975 | D:13     | Found a blossoming altar of Fedhas.
 15038 | D:13     | Noticed a two-headed ogre
 15050 | D:13     | Killed a two-headed ogre
 15129 | D:13     | Reached skill level 5 in Shields
 15150 | D:13     | Reached XP level 13. HP: 57/96 MP: 13/13
 16329 | Lair:1   | Entered Level 1 of the Lair of Beasts
 17182 | Lair:2   | Reached ****** piety under Trog
 17485 | Lair:2   | Received a gift from Trog
 17606 | Lair:2   | Found a runed translucent door.
 17606 | Lair:2   | Found a shimmering altar of Xom.
 17606 | Lair:2   | Noticed Zaque's ghost (journeyman DsGl)
 17623 | Lair:2   | Killed Zaque's ghost
 17749 | Lair:2   | Reached skill level 10 in Shields
 18376 | Lair:3   | Found a hole to the Spider Nest.
 18942 | Lair:3   | Noticed Rupert
 18953 | Lair:3   | Killed Rupert
 18953 | Lair:3   | Reached XP level 14. HP: 103/103 MP: 10/14
 19301 | Lair:3   | Reached skill level 10 in Armour
 19780 | Lair:4   | Found a staircase to the Shoals.
 19786 | Lair:4   | Received a gift from Trog
 20339 | Lair:4   | You fall through a shaft!
 20358 | Lair:5   | Found a runed translucent door.
 20359 | Lair:5   | Found a viscous altar of Jiyva.
 20359 | Lair:5   | Noticed an acid blob
 20361 | Lair:5   | Found a staircase to the Slime Pits.
 20361 | Lair:5   | Noticed an acid blob
 20748 | Lair:5   | Found a frozen archway.
 20773 | IceCv    | Entered an ice cave
 21853 | IceCv    | Found an ancient bone altar of Kikubaaqudgha.
 22433 | Lair:6   | Entered Level 6 of the Lair of Beasts
 22485 | Lair:5   | Received a gift from Trog
 22985 | Lair:6   | Found a dark tunnel.
 22990 | Volcano  | Entered a volcano
 23453 | Volcano  | Found a burning altar of Makhleb.
 23472 | Volcano  | Found a radiant altar of Vehumet.
 24290 | Lair:6   | Received a gift from Trog
 24300 | Lair:6   | Gained mutation: You regenerate health from kills. [demonic
                  | ancestry]
 24300 | Lair:6   | Reached XP level 15. HP: 75/108 MP: 8/15
 24683 | Lair:6   | Found a large runed translucent door.
 24684 | Lair:6   | Found a large runed translucent door.
 26077 | Orc:1    | Entered Level 1 of the Orcish Mines
 26084 | Orc:1    | Found a burning altar of Makhleb.
 26126 | Orc:2    | Entered Level 2 of the Orcish Mines
 26126 | Orc:2    | Found a staircase to the Elven Halls.
 26169 | Orc:2    | Noticed Maurice
 26180 | Orc:2    | Killed Maurice
 26512 | Orc:2    | Found a burning altar of Makhleb.
 27858 | Orc:2    | Received a gift from Trog
 28242 | Orc:2    | Found Yskostri's Antique Weapon Shop.
 28242 | Orc:2    | Found a one-way gate leading to the halls of Pandemonium.
 28242 | Orc:2    | Found Zeok's Gadget Boutique.
 28268 | Orc:2    | Bought a lamp of fire for 600 gold pieces
 28328 | Elf:1    | Entered Level 1 of the Elven Halls
 28803 | D:14     | Reached skill level 15 in Shields
 28859 | D:14     | Found a gate to the Vaults.
 28991 | D:14     | Got a steaming mace
 29031 | D:14     | Identified 2 scrolls of acquirement
 29036 | D:14     | Identified the +7 mace "Ysiumpac" {freeze, *Slow +Fly rN+++
                  | SInv} (You found it on level 14 of the Dungeon)
 29042 | D:14     | Got a pair of ichor-stained gloves
 29048 | D:14     | Identified the -4 pair of gloves of Failure {Int+4} (You
                  | acquired it on level 14 of the Dungeon)
 29909 | D:15     | Entered Level 15 of the Dungeon
 29936 | D:15     | Found a shadowy altar of Dithmenos.
 30268 | D:15     | Received a gift from Trog
 30321 | D:15     | Reached XP level 16. HP: 96/115 MP: 16/16
 30745 | D:15     | Found Ubafe's Assorted Antiques.
 30749 | D:15     | Bought a potion of curing for 75 gold pieces
 30749 | D:15     | Bought a scroll of identify for 50 gold pieces
 30749 | D:15     | Bought a pair of glowing gloves for 187 gold pieces
 30749 | D:15     | Bought a potion of cancellation for 200 gold pieces
 30767 | D:15     | Found Siciceg's Book Boutique.
 31113 | D:15     | Found a staircase to the Depths.
 31379 | Spider:1 | Entered Level 1 of the Spider Nest
 32679 | Spider:2 | Reached skill level 14 in Maces & Flails
 33284 | Spider:3 | Received a gift from Trog
 33406 | Spider:3 | Reached skill level 10 in Fighting
 33463 | Spider:3 | Got a fine scimitar
 33470 | Spider:3 | Identified the cursed +1 scimitar "Ogedoet" {drain, Stlth+}
                  | (You found it on level 3 of the Spider Nest)
 33757 | Spider:4 | Entered Level 4 of the Spider Nest
 33960 | Spider:4 | Received a gift from Trog
 34652 | Spider:4 | Reached skill level 15 in Maces & Flails
 34652 | Spider:4 | Gained mutation: You regenerate a lot of health from kills.
                  | [demonic ancestry]
 34652 | Spider:4 | Reached XP level 17. HP: 131/131 MP: 17/17
 35353 | Spider:4 | Got a gossamer rune of Zot
 35752 | Shoals:1 | Entered Level 1 of the Shoals
 35896 | Shoals:1 | Reached skill level 1 in Evocations
 36196 | Shoals:1 | Noticed Josephine
 36204 | Shoals:1 | Killed Josephine
 37160 | Shoals:2 | Received a gift from Trog
 37518 | Shoals:2 | Reached skill level 5 in Evocations
 38343 | Shoals:3 | Found a runed translucent door.
 38361 | Shoals:3 | Reached skill level 1 in Spellcasting
 38437 | Shoals:3 | Noticed Infinimo's ghost (adept DsBe)
 38451 | Shoals:3 | Killed Infinimo's ghost
 38892 | Shoals:4 | Entered Level 4 of the Shoals
 38968 | Shoals:4 | Received a gift from Trog
 39339 | Shoals:4 | Gained mutation: You have a moderately thin skeletal
                  | structure. (Dex +4, Stealth+) [demonic ancestry]
 39339 | Shoals:4 | Reached XP level 18. HP: 96/140 MP: 8/22
 39348 | Shoals:4 | Reached skill level 16 in Maces & Flails
 39466 | Shoals:4 | Got a barnacled rune of Zot
 39809 | Shoals:4 | Received a gift from Trog
 40026 | Shoals:4 | Noticed Polyphemus
 40053 | Shoals:4 | Killed Polyphemus
 40486 | Shoals:4 | Reached skill level 17 in Maces & Flails
 40502 | Shoals:4 | Identified the ring of Rolopler {*Tele +Inv rN+}
 41015 | Vaults:1 | Entered Level 1 of the Vaults
 41239 | Vaults:1 | Reached skill level 10 in Dodging
 41582 | Vaults:1 | Found a ruined gateway.
 41618 | Desolati | Entered the Desolation of Salt
 41668 | Desolati | Received a gift from Trog
 41974 | Desolati | Identified the Collected Works on Dislocated Attacks
 42229 | Desolati | Got a twitching marble ring
 42231 | Desolati | Identified the ring of Descent {+Fly Stlth+} (You found it
                  | in the Desolation of Salt)
 42235 | Desolati | Got a shimmering crystal amulet
 42238 | Desolati | Identified the amulet "Wiffuida" {RegenMP rN+ Str+4} (You
                  | found it in the Desolation of Salt)
 42282 | Desolati | Got a fine marble ring
 42284 | Desolati | Identified the ring of the Final Lovers {*Tele rElec rF++
                  | rC- MR+} (You found it in the Desolation of Salt)
 42293 | Desolati | Identified the Papyrus of the Neverending Wars
 42298 | Desolati | Got a crude mace
 42302 | Desolati | Identified the +2 mace "Killer Klown's Doom" {drain, +Rage
                  | Dex+4} (You found it in the Desolation of Salt)
 42452 | Vaults:1 | Reached XP level 19. HP: 118/146 MP: 24/24
 42718 | Vaults:1 | Found a large runed translucent door.
 42719 | Vaults:1 | Found a large runed translucent door.
 42731 | Vaults:1 | Noticed Kipt's ghost (adept SpFE)
 42784 | Vaults:1 | Killed Kipt's ghost
 43470 | Vaults:2 | Received a gift from Trog
 43719 | Vaults:2 | Found a portal to a secret trove of treasure.
 43727 | Trove    | Entered a treasure trove
 43750 | Trove    | Got a bound granite ring
 43752 | Trove    | Got a brightly glowing glass ring
 43755 | Trove    | Identified the ring of Hefewomm {Fire MR+ Slay+3} (You
                  | found it in a treasure trove)
 43757 | Trove    | Identified the ring of Parub {rN+ EV+4} (You found it in a
                  | treasure trove)
 43761 | Trove    | Got an ancient amber ring
 43770 | Trove    | Identified the ring "Jonode Uriz" {rPois Str-4 Int+9 Dex-5
                  | SInv} (You found it in a treasure trove)
 43777 | Trove    | Got a pitted amber ring
 43780 | Trove    | Identified the ring "Amuariun" {rN+ SInv} (You found it in
                  | a treasure trove)
 43790 | Trove    | Got a glittering jade amulet
 43793 | Trove    | Identified the amulet of Hutwummu {Inacc rPois Dex+2} (You
                  | found it in a treasure trove)
 44173 | Vaults:2 | Reached skill level 10 in Evocations
 45134 | Vaults:3 | Reached * piety under Trog
 45767 | Vaults:3 | Found a staircase to the Crypt.
 45767 | Vaults:3 | Found an ancient bone altar of Kikubaaqudgha.
 45767 | Vaults:3 | Found a basalt altar of Yredelemnul.
 47053 | Vaults:4 | Reached XP level 20. HP: 161/161 MP: 28/28
 47076 | Vaults:4 | Reached skill level 15 in Fighting
 48112 | Vaults:4 | Found a shattered altar of Ashenzari.
 48815 | Depths:1 | Entered Level 1 of the Depths
 49042 | Depths:1 | Found a gateway to Hell.
 49153 | Depths:1 | Reached skill level 15 in Armour
 49165 | Depths:1 | Found a one-way gate to the infinite horrors of the Abyss.
 49246 | Depths:1 | Found Zamm's General Store.
 50099 | Depths:1 | Received a gift from Trog
 50532 | Depths:2 | You fall through a shaft!
 50691 | Depths:3 | Killed from afar by a spriggan air mage

Skill      XL: |  1  2  3  4  5  6  7  8  9 10 11 12 13 14 15 16 17 18 19 20 |
---------------+-------------------------------------------------------------+-----
Maces & Flails | 3 4 5 6 7 8 10 13 15 17 | 17.0
Stealth        | 2 4 5 8 |  8.1
Fighting       | 7 11 12 14 15 | 15.0
Shields        | 1 4 5 10 13 15 | 15.0
Armour         | 4 7 9 11 13 16 | 16.4
Dodging        | 4 7 9 12 | 12.0
Evocations     | 6 7 10 | 10.8
Spellcasting   | 1 |  1.8

Action                   |  1- 3 |  4- 6 |  7- 9 | 10-12 | 13-15 | 16-18 | 19-21 || total
-------------------------+-------+-------+-------+-------+-------+-------+-------++-------
Melee: Mace              |   118 |    21 |       |       |       |       |       ||   139
       Kick              |    22 |    34 |   124 |   415 |   773 |   950 |   710 ||  3028
       Whip              |       |   108 |   335 |  1003 |   346 |       |       ||  1792
       Morningstar       |       |       |       |       |  1469 |       |       ||  1469
       Demon whip        |       |       |       |       |    99 |  1936 |  1412 ||  3447
       Eveningstar       |       |       |       |       |       |   223 |       ||   223
 Fire: Fustibalus        |       |       |       |    34 |    11 |     1 |       ||    46
Throw: Stone             |     6 |       |     5 |       |       |       |       ||    11
       Throwing net      |       |       |     1 |       |       |     1 |       ||     2
       Tomahawk          |       |       |     1 |       |       |       |       ||     1
Invok: Berserk           |     1 |     6 |     5 |    10 |    26 |    12 |     2 ||    62
       Trog's Hand       |     1 |     2 |     7 |     4 |    15 |     5 |     3 ||    37
       Brothers in Arms  |       |       |       |     2 |     3 |     1 |     1 ||     7
Evoke: Wand              |       |       |       |     2 |    10 |     8 |     2 ||    22
       Lamp of fire      |       |       |       |       |       |       |     1 ||     1
  Use: Scroll            |       |       |    14 |    13 |    20 |    13 |     4 ||    64
       Potion            |       |       |       |       |     5 |     1 |     3 ||     9
 Stab: Sleeping          |     2 |    10 |    29 |     7 |     9 |       |       ||    57
       Distracted        |       |       |     1 |     1 |       |     1 |     2 ||     5
       Confused          |       |       |       |     1 |       |       |       ||     1
       Petrified         |       |       |       |       |     3 |       |       ||     3
       Petrifying        |       |       |       |       |     2 |       |       ||     2
       Held in net/web   |       |       |       |       |       |     1 |       ||     1
  Eat: Chunk             |     3 |     8 |    15 |    36 |    58 |    32 |    29 ||   181
       Ration            |       |     2 |     1 |     1 |     7 |     7 |       ||    18
Armor: Animal skin       |    27 |     7 |       |       |       |       |       ||    34
       Scale mail        |       |     8 |    73 |       |       |       |       ||    81
       Plate armour      |       |       |    11 |   381 |   301 |       |       ||   693
       Gold dragon scale |       |       |       |       |   636 |   990 |   374 ||  2000
Dodge: Dodged            |    75 |    52 |    80 |   309 |   700 |   564 |   423 ||  2203
Block: Buckler           |       |       |    11 |   166 |   727 |       |       ||   904
       Reflection        |       |       |       |       |    15 |       |       ||    15
       Shield            |       |       |       |       |    65 |  1256 |   687 ||  2008
